 Dungeon Crawl Stone Soup version 0.17-a0-18-gc25b939 (webtiles) character file.

83 Chiseanne the Sneak (level 4, -2/34 HPs)
             Began as a Mummy Assassin on Mar 11, 2015.
             Slain by Crazy Yiuf
             ... wielding a +3 quarterstaff of chaos
              (10 damage)
             ... on level 2 of the Dungeon.
             The game lasted 00:07:19 (2049 turns).

Chiseanne the Sneak (Mummy Assassin)                Turns: 2049, Time: 00:07:19

Health: -2/34      AC:  4    Str: 14    XL:     4   Next: 22%
Magic:  4/4        EV: 12    Int: 10    God:
Gold:   86         SH:  0    Dex: 14    Spells: 0 memorised, 3 levels left

rFire  x . .     SeeInvis .     w - +0 blowgun
rCold  + . .     Clarity  .     c - +0 robe
rNeg   + + +     SustAb   .     (no shield)
rPois  ∞         Gourm    .     (no helmet)
rElec  .         Spirit   .     m - +0 cloak
rCorr  .         Warding  .     i - +0 pair of gloves
rMut   .         Stasis   .     (no boots)
MR     .....                    (no amulet)
Stlth  +++.......               (no ring)
                                (no ring)

@: not resistant to hostile enchantments, fairly stealthy
A: no food or potions, fire vulnerability, restore body, cold resistance 1,
negative energy resistance 3, poison resistance, torment resistance, unbreathing
a: no special abilities


You were on level 2 of the Dungeon.
You were not hungry.

You visited 1 branch of the dungeon, and saw 2 of its levels.

You collected 86 gold pieces.

Inventory:

Hand weapons
 a - a +1 short sword of speed
 d - a +0 dagger of flaming
 s - a +6 club
 w - a +0 blowgun (weapon)
Missiles
 e - 4 poisoned needles (quivered)
 h - 24 arrows
 j - 35 bolts
Armour
 c - a +0 robe (worn)
 i - a +0 pair of gloves (worn)
 m - a +0 cloak (worn)
Scrolls
 b - 3 scrolls of remove curse
 g - a scroll of identify


   Skills:
 * Level 2.5 Fighting
 - Level 1.5 Short Blades
 - Level 1.5 Throwing
 * Level 2.1 Dodging
 * Level 4.1 Stealth


You had 3 spell levels left.
You didn't know any spells.

Dungeon Overview and Level Annotations

Branches:
Dungeon (2/15)

Altars:
Xom

Annotations:
D:2 Crazy Yiuf


Innate Abilities, Weirdness & Mutations

You do not eat or drink.
Your flesh is vulnerable to fire.
Your flesh is cold resistant.
You are immune to negative energy.
Your system is resistant to poisons.
You are immune to unholy pain and torment.
You can survive without breathing.


Message History

As you read the scroll of fear, it crumbles to dust.
You assume a fearsome visage.
Crazy Yiuf looks frightened!
Crazy Yiuf gives up.
You see here a curare-tipped needle.
f - a curare-tipped needle Read which item? (? for menu, Esc to quit)
Okay, then.
Crazy Yiuf yells at you, "GO AWAY!"
Firing (i - inventory. (,) - cycle):
f - a curare-tipped needle (quivered)
Press: ? - help, Shift-Dir - straight line, f/p - Crazy Yiuf
Aim: Crazy Yiuf, wielding a quarterstaff of chaos and wearing a runed cloak You shoot a curare-tipped needle.
The curare-tipped needle barely misses Crazy Yiuf.
Firing (i - inventory):
e - 5 poisoned needles (quivered)
Press: ? - help, Shift-Dir - straight line, f/p - Crazy Yiuf
Aim: Crazy Yiuf, wielding a quarterstaff of chaos and wearing a runed cloak You shoot a poisoned needle.
The poisoned needle barely misses Crazy Yiuf.
Crazy Yiuf hits you with a quarterstaff of chaos!
You die...

......##..## ♣♣...♣ #.##.#
.#.##.##..## ♣...♣ #....#
.#.........# ♣♣.♣♣ #>####
.####.###.## ♣♣.♣ #.# ### .####.#
#.## ♣.♣♣ #.#####.#### ......#
#..# ♣♣.♣ #........... .######
#.## ♣(♣♣ #.##.##.#### .# #..#
##(## #..#.#### .# #### #.@g#
##.#.#### .# #...# #......# .#
#)..# ##.#.##.#### .# #####
#..........# .## ########
#...#.#.#...
..###......############..#.#.#...
......................#....#.....
.####.............[.###.(..###...
.# #####.).....##.#####.........


You could see Crazy Yiuf.

Vanquished Creatures
  Ijyb (D:2)
  2 adders (D:2)
  A giant gecko (D:1)
  A ball python (D:1)
  4 giant cockroaches
  4 goblins (D:1)
  3 hobgoblins
  11 jackals
  5 bats
  2 giant newts
  8 kobolds
  4 rats (D:1)
46 creatures vanquished.

Notes
Turn   | Place    | Note
--------------------------------------------------------------
     0 | D:1      | Chiseanne, the Mummy Assassin, began the quest for the Orb.
     0 | D:1      | Reached XP level 1. HP: 16/16 MP: 1/1
    79 | D:1      | Reached skill level 1 in Dodging
   486 | D:1      | Reached XP level 2. HP: 22/22 MP: 2/2
   752 | D:1      | Found a shimmering altar of Xom.
  1401 | D:1      | Reached XP level 3. HP: 23/27 MP: 3/3
  1469 | D:2      | Noticed Ijyb
  1484 | D:2      | Killed Ijyb
  1484 | D:2      | Reached skill level 4 in Stealth
  1675 | D:2      | Reached XP level 4. HP: 29/34 MP: 4/4
  1949 | D:2      | Noticed Crazy Yiuf
  2049 | D:2      | Slain by Crazy Yiuf

Action                   |  1- 3 |  4- 6 || total
-------------------------+-------+-------++-------
Melee: Dagger            |   108 |       ||   108
       Club              |    31 |    11 ||    42
 Fire: Blowgun           |     9 |    10 ||    19
  Use: Scroll            |     3 |     1 ||     4
 Stab: Sleeping          |     3 |     1 ||     4
